 Dungeon Crawl Stone Soup version 0.19-a0-1225-gf887c1c (webtiles) character file.

135 rageheart7 the Covert (level 4, -4/21 HPs)
             Began as a Spriggan Enchanter on Aug 25, 2016.
             Killed from afar by an orc wizard (9 damage)
             ... with a magic dart
             ... on level 3 of the Dungeon.
             The game lasted 00:05:44 (2535 turns).

rageheart7 the Covert (Spriggan Enchanter)          Turns: 2535, Time: 00:05:45

Health: -4/21      AC:  3    Str:  4    XL:     4   Next: 96%
Magic:  2/9        EV: 20    Int: 16    God:
Gold:   187        SH:  0    Dex: 17    Spells: 2 memorised, 5 levels left

rFire  . . .     SeeInvis +     o - +0 blowgun
rCold  . . .     Gourm    .     b - +1 robe
rNeg   . . .     Faith    .     (shield restricted)
rPois  .         Spirit   .     (helmet restricted)
rElec  .         Dismiss  .     (no cloak)
rCorr  .         Reflect  .     (gloves unavailable)
MR     .....     Harm     .     (boots unavailable)
Stlth  ++++......               (no amulet)
                                (no ring)
                                (no ring)

@: very slightly contaminated, very quick
A: unfitting armour, see invisible, herbivore 3, speed 3, slow metabolism 2
a: no special abilities


You were on level 3 of the Dungeon.
You were very hungry.

You visited 1 branch of the dungeon, and saw 3 of its levels.

You collected 187 gold pieces.

Inventory:

Hand Weapons
 a - a +1 dagger
 o - a +0 blowgun (weapon)
Missiles
 m - 3 curare-tipped needles
 n - 26 poisoned needles (quivered)
Armour
 b - a +1 robe (worn)
Scrolls
 g - a scroll of fog {unknown}
 h - 2 scrolls of recharging {unknown}
 i - a scroll of magic mapping {unknown}
 j - 2 scrolls of identify {unknown}
 l - a scroll of blinking {unknown}
 p - 2 scrolls of remove curse {unknown}
Potions
 e - 4 potions of curing {unknown}
 k - 2 potions of agility {unknown}
Books
 c - a book of Maledictions

   Spells                             Type                      Level
   a - Corona                         Hexes                        1
   b - Ensorcelled Hibernation        Hexes/Ice                    2
   c - Confuse                        Hexes                        3
   d - Tukima's Dance                 Hexes                        3
   e - Dazzling Spray                 Conjuration/Hexes            3
Comestibles
 d - 2 bread rations
 f - a slice of pizza


   Skills:
 - Level 1.1 Short Blades
 + Level 4.4 Dodging
 * Level 8.0 Stealth
 - Level 2.6 Spellcasting
 - Level 3.6 Hexes


You had 5 spell levels left.
You knew the following spells:

 Your Spells              Type           Power        Failure   Level  Hunger
a - Corona                Hex            ##.....      6%          1    #......
b - Ensorcelled Hibernat  Hex/Ice        #.....       17%         2    ##.....


Dungeon Overview and Level Annotations

Branches:
Dungeon (3/15)

Altars:
Elyvilon
Sif Muna


Innate Abilities, Weirdness & Mutations

You are tiny and cannot use many weapons and most armour.
You have supernaturally acute eyesight. (SInv)
You are a herbivore.
You cover ground extremely quickly.
You need consume almost no food.


Message History

Firing (i - inventory. (,) - cycle):
n - 28 poisoned needles (quivered)
Press: ? - help, Shift-Dir - straight line, f/p - orc priest
Aim: an orc priest, wielding a flail (lightly wounded, poisoned)
You shoot a poisoned needle.
The poisoned needle hits the orc priest.
The orc priest is lightly wounded.
Firing (i - inventory. (,) - cycle):
n - 27 poisoned needles (quivered)
Press: ? - help, Shift-Dir - straight line, f - orc wizard, p - orc priest
Aim: an orc wizard, wielding a dagger and wearing a robe (moderately wounded, fast)
You shoot a poisoned needle.
The poisoned needle hits the orc wizard.
The orc wizard is poisoned.
The orc wizard is moderately wounded.
The orc priest looks braver for a moment.
The orc wizard completely misses you.
The orc priest miscasts a cantrip.
The orc priest looks more healthy.
The orc wizard gestures at you while chanting.
The magic dart hits you!
You die...

##.....## #...(.#
#.......## ##.#..#
.........#.##....(##
.........+......o..##
.........#.?.......$#
#.......######..o..##
##.....## ##...##
##...## ##.## ##+##
#@# #.# #.#
#.######## #.#
##........# #.#
##...#####.# #.#
##.....####.# #.#
.........##.####.#
####.###.........#
#.# ####.######


You could see an orc priest and an orc wizard.

Vanquished Creatures
  A worker ant (D:3)
  3 adders
  An ooze (D:2)
  2 worms (D:2)
  2 dart slugs
  4 giant geckos
  3 orcs (D:3)
  A ball python (D:1)
  4 giant cockroaches
  4 goblins
  5 hobgoblins
  2 quokkas
  11 bats
  5 giant newts
  9 kobolds
  8 rats
65 creatures vanquished.

Vanquished Creatures (others)
  A bat (D:2)
  A quokka (D:2)
  A kobold (D:2)
3 creatures vanquished.

Grand Total: 68 creatures vanquished

Notes
Turn   | Place    | Note
-------+----------+-------------------------------------------
     0 | D:1      | rageheart7 the Spriggan Enchanter began the quest for the Orb.
     0 | D:1      | Reached XP level 1. HP: 9/9 MP: 5/5
   401 | D:1      | Reached skill level 5 in Stealth
   495 | D:1      | Reached XP level 2. HP: 7/13 MP: 6/6
   703 | D:1      | Learned a level 2 spell: Ensorcelled Hibernation
   878 | D:2      | Reached skill level 6 in Stealth
   972 | D:2      | Reached XP level 3. HP: 16/16 MP: 8/8
  1129 | D:2      | Found a deep blue altar of Sif Muna.
  1439 | D:2      | Reached skill level 7 in Stealth
  1442 | D:2      | Reached XP level 4. HP: 19/21 MP: 6/9
  1445 | D:2      | Found a white marble altar of Elyvilon.
  2503 | D:3      | Reached skill level 8 in Stealth
  2535 | D:3      | Killed from afar by an orc wizard

Vault maps used:
D:1:      dpeg_arrival_leaves_temple_mockup, hangedman_abyss_or_decor_stabs
D:2:      lemuel_crystal_altar, elyvilon_altar_4
D:3:      nemelex_xobeh_ov_fountains_minmay

Skill      XL: |  1  2  3  4 |
---------------+-------------+-----
Stealth        | 5 6 7 8 |  8.0
Dodging        | 4 |  4.4
Short Blades   | |  1.1
Spellcasting   | |  2.6
Hexes          | |  3.6

Action                   |  1- 3 |  4- 6 || total
-------------------------+-------+-------++-------
Melee: Dagger            |   120 |    85 ||   205
 Fire: Blowgun           |       |    23 ||    23
 Cast: Ensorcelled Hiber |     9 |    18 ||    27
       Corona            |       |     1 ||     1
 Stab: Sleeping          |    22 |    16 ||    38
       Distracted        |     1 |       ||     1
Armor: Robe              |     8 |    13 ||    21
Dodge: Dodged            |    85 |    99 ||   184
